 Dungeon Crawl Stone Soup version 0.27.0-1-g7a089689b8 (webtiles) character file.

Game seed: 1240933890253812294

43891 pkoi the Champion of Chaos (level 13, -2/96 HPs)
             Began as a Demonspawn Monk on Aug 11, 2021.
             Was the Champion of Makhleb.
             Slain by a death yak (3 damage)
             ... on level 5 of the Lair of Beasts.
             The game lasted 00:35:36 (18705 turns).

pkoi the Champion of Chaos (Demonspawn Monk)       Turns: 18705, Time: 00:35:37

Health: -2/96      AC: 18    Str: 22    XL:     13   Next: 93%
Magic:  0/24       EV: 20    Int: 12    God:    Makhleb [******]
Gold:   1483       SH:  0    Dex: 16    Spells: 13/16 levels left

rFire    . . .     SeeInvis .     - Unarmed
rCold    . . .     Faith    .   (no shield)
rNeg     + . .     Spirit   +   u - +2 robe of the Farrier {Rampage rElec rN+ Stlth+}
rPois    .         Reflect  .   x - +1 helmet
rElec    +         Harm     .   r - +1 cloak
rCorr    .         Rampage  +   (gloves unavailable)
Will     .....                  F - +0 pair of boots
Stlth    +++.......             A - amulet of regeneration
HPRegen  1.26/turn              d - +4 ring of evasion
MPRegen  0.38/turn              m - +6 ring of strength

@: sanguine armoured
A: claws 3, spiny 1, magic shield, magic regeneration, sanguine armour 2
a: Renounce Religion, Minor Destruction, Lesser Servant of Makhleb, Major
Destruction, Greater Servant of Makhleb


You were on level 5 of the Lair of Beasts.
You worshipped Makhleb.
Makhleb was exalted by your worship.
You visited 3 branches of the dungeon, and saw 19 of its levels.
You also visited: Bailey.

You collected 1795 gold pieces.
You spent 312 gold pieces at shops.

Inventory:

Missiles
 e - 48 poisoned darts (quivered)
 J - 4 throwing nets
Armour
 r - a +1 cloak (worn)
 u - the +2 robe of the Farrier (worn) {Rampage rElec rN+ Stlth+}
   (You found it on level 5 of the Dungeon)

   rElec:     It insulates you from electricity.
   rN:        It protects you from negative energy.
   Rampage:   It bestows one free step when moving towards enemies.
   Stlth:     It makes you more stealthy.
 x - a +1 helmet (worn)
 F - a +0 pair of boots (worn)
Jewellery
 b - an amulet of reflection
 d - a +4 ring of evasion (left claw)
 j - a ring of resist corrosion
 k - a ring of protection from cold
 m - a +6 ring of strength (right claw)
 A - an amulet of regeneration (around neck)
 G - a ring of protection from fire
Wands
 a - a wand of acid (6)
 i - a wand of charming (22)
 w - a wand of flame (62)
 D - a wand of paralysis (8)
 E - a wand of mindburst (22)
 H - a wand of polymorph (19)
Scrolls
 c - a scroll of magic mapping
 l - 3 scrolls of enchant weapon
 n - a scroll of amnesia
 o - 9 scrolls of teleportation
 p - 2 scrolls of fog
 s - a scroll of summoning
 t - 3 scrolls of fear
 y - 3 scrolls of identify
 C - 3 scrolls of enchant armour
 K - a scroll of blinking
Potions
 f - 9 potions of curing
 g - a potion of flight
 h - 3 potions of resistance
 q - 5 potions of ambrosia
 v - 5 potions of heal wounds
 z - 2 potions of haste
 B - 3 potions of magic
 I - 2 potions of cancellation


   Skills:
 - Level 7.5 Fighting
 - Level 4.0 Armour
 + Level 7.7 Dodging
 + Level 3.1 Stealth
 * Level 15.3 Unarmed Combat
 + Level 2.4 Spellcasting
 + Level 2.6 Hexes
 + Level 15.4 Invocations


You had 13 spell levels left.
You knew the following spells:

 Your Spells              Type           Power      Damage    Failure   Level
a - Confusing Touch       Hex            7%         N/A       26%         3

Your spell library contained the following spells:

 Spells                   Type           Power      Damage    Failure   Level
 Slow                     Hex            7%         N/A       14%         2
 Beastly Appendage        Tmut           2%         N/A       26%         1
 Wereblood                Tmut           1%         N/A       36%         2
 Portal Projectile        Hex/Tloc       8%         N/A       41%         3
 Call Canine Familiar     Summ           1%         N/A       61%         3
 Spider Form              Tmut/Pois      0%         N/A       61%         3
 Stone Arrow              Conj/Erth      2%         3d7       61%         3
 Leda's Liquefaction      Hex/Erth       2%         N/A       83%         4
 Petrify                  Tmut/Erth      1%         N/A       95%         4
 Metabolic Englaciation   Hex/Ice        2%         N/A       99%         5
 Yara's Violent Unravell  Hex/Tmut       2%         3d3       99%         5
 Bolt of Magma            Conj/Fire/Erth 0%         4d4       100%        5
 Statue Form              Tmut/Erth      0%         N/A       100%        6
 Shatter                  Erth           0%         3d5*      100%        9


Dungeon Overview and Level Annotations

Branches:
Dungeon (12/15)            Temple (1/1) D:5            Lair (6/6) D:11
 Shoals (0/4) Lair:2        Snake (0/4) Lair:2        Slime (0/5) Lair:5
    Orc (0/2) D:9          Bailey (visited)

Altars:
Ashenzari
Cheibriados
Dithmenos
Elyvilon
Fedhas
Gozag
Hepliaklqana
Kikubaaqudgha
Makhleb
Nemelex Xobeh
Okawaru
Qazlal
Ru
Sif Muna
Trog
Uskayaw
Vehumet
Wu Jian
Xom
Yredelemnul
Zin
The Shining One
Jiyva

Shops:
D:1 *   D:7 :   D:10 ::

Annotations:
Lair:2 exclusion: 2 oklob plants
Lair:5 1 runed translucent door, exclusion: 4 oklob plants


Innate Abilities, Weirdness & Mutations

You have claws for hands.
You are partially covered in sharp spines.
When hurt, damage is shared between your health and your magic reserves.
You regenerate magic rapidly.
When seriously injured, your bleeding wounds create thick armour. (AC +9)


Message History

There is a stone staircase leading up, spattered with blood here.
Unknown command.
The death yak completely misses you. The death yak gores you!
The yak is struck by your spines. The yak gores you!
Your blood congeals into armour.
The death yak gores you. The death yak completely misses you.
The death yak gores you.
You climb upwards.
Level annotation: 1 runed translucent door, exclusion: 4 oklob plants
There is a stone staircase leading down here.
Unknown command.
Unknown command.
Unknown command.
A demon appears!
The death yak barely misses you. The death yak misses you. x2
The yak gores you but does no damage. The death yak barely misses you.
The death yak misses you.
The death yak gores you but does no damage.
Unknown command.
You claw the death yak!
The death yak is lightly wounded.
The death yak is struck by your spines. The death yak gores you!!
The death yak closely misses you. The yak is struck by your spines.
The yak completely misses you. The death yak misses you.
The death yak gores you but does no damage.
You scratch the death yak. You claw the death yak.
The death yak is moderately wounded.
The death yak gores you. The death yak closely misses you.
Your ynoxinul hits the death yak. The death yak gores you!
* * * LOW HITPOINT WARNING * * *
The death yak is struck by your spines. The death yak closely misses you.
Unknown command.
You mangle the death yak!!
The death yak is heavily wounded.
The death yak gores you but does no damage.
The yak is struck by your spines. The yak gores you!
* * * LOW HITPOINT WARNING * * *
The death yak is struck by your spines. The death yak closely misses you.
The death yak is struck by your spines. The death yak gores you!
* * * LOW HITPOINT WARNING * * *
The death yak gores you.
You die...

.#.#....##.#.....####...........#
.###....###.##.....##.P........#.
..#....P# #####....###.<.........
..P.#..########...####...........
.......#..P.##PP.P##..P..........
................P................
.................................
..##...........YYY........#......
.##......###.P3Y@Y.........##....
.###....## ####YPY#.P.....##.....
..###...# #.#...#.##....)##.....
.###.#..## ##†.....###P...##.....
...##....# #.......###.....##....
.P####...####.......#.PP......#..
....#.....#.#........P......#.#†.
.........Y............P.........†
.P.....#.............#........#..


You could see 6 death yaks, a yak and a friendly ynoxinul (summoned).

Vanquished Creatures
  Snorg (Lair:4)
  Harold (Lair:1)
  4 two-headed ogres
  5 death yaks
  An orc high priest (Bailey)
  A lindwurm (Lair:5)
  Pikel (D:5)
  An orc knight (Bailey)
  A manticore (D:6)
  An orc sorcerer (Bailey)
  2 cyclopes
  3 elephants (Lair:4)
  5 black mambas
  8 cane toads
  4 rime drakes
  6 komodo dragons
  The ghost of SnakkuSnakku7 the Ruffian, an amateur TrFE (D:4)
  2 polar bears (Lair:6)
  4 trolls
  Grinder (D:5)
  12 blink frogs
  A hornet (D:9)
  6 dream sheep
  A shadow (D:11)
  4 wyverns
  A vampire (D:10)
  5 wraiths
  4 basilisks
  31 yaks
  10 vampire mosquitoes
  Menkaure (D:5)
  2 nagas (Lair:2)
  17 water moccasins
  An acid dragon (D:7)
  17 orc warriors
  A hornet zombie (D:7)
  2 black bears
  4 ogres
  A boggart (shapeshifter) (D:11)
  A phantom (D:5)
  23 wolves
  2 centaurs
  3 lemures (D:4)
  6 kobold brigands
  5 bullfrogs
  A wyvern zombie (D:6)
  4 gnoll sergeants
  4 scorpions
  6 wights
  15 killer bees (Lair:2)
  10 electric eels
  3 howler monkeys
  2 centaur zombies
  3 orc priests
  2 gnoll shamans
  7 hounds
  2 jellies
  2 bullfrog skeletons
  A centaur skeleton (D:6)
  Terence (D:2)
  4 iguanas
  9 orc wizards
  A scorpion zombie (D:5)
  5 hell rats (Lair:2)
  A killer bee zombie (D:6)
  Robin (D:1)
  2 howler monkey zombies
  10 adders
  22 gnolls
  A river rat (Lair:2)
  A shadow imp (D:6)
  A worm (D:3)
  A dart slug (D:4)
  30 orcs
  5 bats
  7 endoplasms
  3 giant cockroaches
  26 goblins
  13 hobgoblins
  11 jackals
  A quokka (D:4)
  3 ball pythons
  4 frilled lizards
  9 kobolds
  A quokka skeleton (D:4)
  7 rats
456 creatures vanquished.

Vanquished Creatures (collateral kills)
  A hydra (Lair:5)
  3 boulder beetles
  3 wyverns (Lair:2)
  A yak (Lair:2)
  A water moccasin (Lair:5)
  2 killer bees (Lair:2)
  2 goblins (Bailey)
13 creatures vanquished.

Vanquished Creatures (others)
  An orc (Bailey)
  13 fungi
  16 plants
30 creatures vanquished.

Grand Total: 499 creatures vanquished

Notes
Turn   | Place    | Note
-------+----------+-------------------------------------------
     0 | D:1      | pkoi the Demonspawn Monk began the quest for the Orb.
     0 | D:1      | Reached XP level 1. HP: 18/18 MP: 1/1
   475 | D:1      | Gained mutation: You have sharp fingernails. [demonic
                  | ancestry]
   475 | D:1      | Reached XP level 2. HP: 24/24 MP: 2/2
   595 | D:1      | Found Haut's Assorted Antiques.
  1018 | D:2      | Noticed Robin
  1300 | D:1      | Reached XP level 3. HP: 20/29 MP: 3/3
  1409 | D:1      | Killed Robin
  1409 | D:1      | HP: 1/29 [goblin[Robin] (4)]
  1752 | D:2      | Noticed a black bear
  2211 | D:2      | Noticed Terence
  2238 | D:2      | Killed Terence
  2239 | D:2      | Gained mutation: You regenerate magic rapidly. [demonic
                  | ancestry]
  2239 | D:2      | Reached XP level 4. HP: 19/35 MP: 4/4
  2798 | D:3      | Found a shimmering blue altar of Sif Muna.
  2801 | D:3      | Found a sacrificial altar of Ru.
  2870 | D:3      | Reached skill level 5 in Unarmed Combat
  2988 | D:3      | Gained mutation: You have very sharp fingernails. [demonic
                  | ancestry]
  2988 | D:3      | Reached XP level 5. HP: 38/41 MP: 5/5
  3730 | D:4      | Noticed SnakkuSnakku7's ghost (amateur TrFE)
  3932 | D:4      | Gained mutation: When hurt, damage is shared between your
                  | health and your magic reserves. [demonic ancestry]
  3932 | D:4      | Reached XP level 6. HP: 40/47 MP: 6/6
  4001 | D:4      | Found a runed translucent door.
  4090 | D:4      | You fall into a shaft and drop 1 floor!
  4090 | D:5      | Entered Level 5 of the Dungeon
  4093 | D:5      | Noticed Menkaure
  4108 | D:5      | Killed Menkaure
  4467 | D:5      | Reached XP level 7. HP: 43/52 MP: 5/7
  4754 | D:5      | Identified the +2 robe of the Farrier {Rampage rElec rN+
                  | Stlth+}
  5149 | D:5      | Found a staircase to the Ecumenical Temple.
  5223 | Temple   | Entered the Ecumenical Temple
  5335 | D:5      | Noticed Grinder
  5358 | D:5      | Killed Grinder
  5359 | D:5      | Gained mutation: You are partially covered in sharp spines.
                  | [demonic ancestry]
  5359 | D:5      | Reached XP level 8. HP: 34/58 MP: 8/8
  5508 | D:5      | Noticed Pikel
  5708 | D:5      | Killed Pikel
  5709 | D:5      | Reached skill level 10 in Unarmed Combat
  6021 | Temple   | Became a worshipper of Makhleb the Destroyer
  6021 | Temple   | Reached * piety under Makhleb
  6021 | Temple   | Reached ** piety under Makhleb
  6119 | D:6      | Reached skill level 1 in Invocations
  6350 | D:6      | Gained mutation: When seriously injured, your bleeding
                  | wounds create armour. (AC +9) [demonic ancestry]
  6350 | D:6      | Reached XP level 9. HP: 53/65 MP: 11/11
  6415 | D:6      | Noticed a two-headed ogre
  6613 | D:6      | Noticed a manticore
  6623 | D:6      | Killed a manticore
  6734 | D:6      | Killed a two-headed ogre
  6735 | D:6      | Reached skill level 5 in Fighting
  6735 | D:6      | Reached skill level 5 in Invocations
  6946 | D:6      | Reached skill level 5 in Dodging
  7223 | D:6      | Found a broken altar of Ashenzari.
  7227 | D:6      | Found an iron altar of Okawaru.
  7736 | D:7      | Found Mubuneh's Book Shop.
  8059 | D:7      | Gained mutation: You have claws for hands. [demonic
                  | ancestry]
  8059 | D:7      | Reached XP level 10. HP: 70/76 MP: 14/14
  8062 | D:7      | Reached *** piety under Makhleb
  9216 | D:9      | Found a staircase to the Orcish Mines.
  9620 | D:9      | Noticed a two-headed ogre
  9641 | D:9      | Killed a two-headed ogre
 10079 | D:9      | Reached **** piety under Makhleb
 10419 | D:9      | Gained mutation: When seriously injured, your bleeding
                  | wounds create thick armour. (AC +9) [demonic ancestry]
 10419 | D:9      | Reached XP level 11. HP: 84/84 MP: 17/17
 10472 | D:9      | You fall into a shaft and drop 3 floors!
 10472 | D:12     | Found a flagged portal.
 10482 | Bailey   | Entered a bailey
 10507 | Bailey   | Noticed an orc knight
 10524 | Bailey   | Killed an orc knight
 10562 | Bailey   | Found an iron altar of Okawaru.
 10562 | Bailey   | Noticed an orc sorcerer
 10562 | Bailey   | Noticed an orc high priest
 10562 | Bailey   | Paralysed by an orc sorcerer for 7 turns
 10573 | Bailey   | Killed an orc high priest
 10574 | Bailey   | Reached skill level 1 in Armour
 10575 | Bailey   | Killed an orc sorcerer
 10946 | Bailey   | Reached ***** piety under Makhleb
 11143 | Bailey   | Identified the +7 dagger "Awocin" {drain, rElec rF+ Str-2
                  | Dex+7}
 11197 | D:11     | Noticed a boulder beetle
 11229 | D:11     | Killed a boulder beetle
 11230 | D:11     | Reached skill level 10 in Invocations
 11254 | D:11     | Acquired 596 gold pieces
 11307 | D:10     | Entered Level 10 of the Dungeon
 11385 | D:10     | Found Lisu's Book Shoppe.
 11430 | D:10     | Found Voxy's Book Boutique.
 11478 | D:10     | Noticed a two-headed ogre
 11489 | D:10     | Killed a two-headed ogre
 11563 | D:10     | Found a shimmering altar of Xom.
 11564 | D:10     | Found a hazy altar of Hepliaklqana.
 12507 | D:11     | Noticed a boulder beetle
 12547 | D:11     | Killed a boulder beetle
 12633 | D:11     | Reached XP level 12. HP: 91/91 MP: 20/20
 12781 | D:11     | Noticed a two-headed ogre
 12793 | D:11     | Killed a two-headed ogre
 12858 | D:11     | Found a staircase to the Lair.
 13000 | D:11     | Paralysed by a hornet for 2 turns
 13276 | Lair:1   | Entered Level 1 of the Lair of Beasts
 13710 | Lair:1   | Noticed Harold
 13719 | Lair:1   | Killed Harold
 13977 | Lair:2   | Found a staircase to the Snake Pit.
 14172 | Lair:2   | Found a staircase to the Shoals.
 15280 | Lair:3   | Reached ****** piety under Makhleb
 15898 | Lair:4   | Reached XP level 13. HP: 96/96 MP: 23/23
 16081 | Lair:4   | Noticed Snorg
 16092 | Lair:4   | Killed Snorg
 16782 | Lair:5   | Reached skill level 15 in Invocations
 17032 | D:7      | Bought a book of Misfortune for 312 gold pieces
 17036 | D:7      | Learned a level 3 spell: Confusing Touch
 17257 | D:4      | Killed SnakkuSnakku7's ghost
 17560 | Lair:5   | Reached skill level 15 in Unarmed Combat
 17600 | Lair:5   | Found a runed translucent door.
 17600 | Lair:5   | Found a viscous altar of Jiyva.
 17601 | Lair:5   | Found a staircase to the Slime Pits.
 17702 | Lair:5   | Reached skill level 1 in Hexes
 17791 | Lair:5   | Reached skill level 1 in Spellcasting
 18110 | Lair:6   | Entered Level 6 of the Lair of Beasts
 18705 | Lair:5   | HP: 1/96 [death yak (11)]
 18705 | Lair:5   | Slain by a death yak

Illustrated notes

Levels and vault maps discovered:
D:1:      dpeg_arrival_connections, layout_basic, serial_shops, shop,
          minmay_pentomino_s2
D:2:      layout_basic, uniq_terence, uniq_robin
D:3:      layout_basic, grunt_temple_overflow_open
D:4:      layout_cave_pools, hellmonk_ghost_happy_afterlife,
          guppyfry_early_lair_pool
D:5:      layout_gridville, minmay_temple_entry_poolview, uniq_menkaure,
          uniq_grinder, uniq_pikel
D:6:      hangedman_cross_stitches, layout_loops_ring, minitemple,
          hangedman_abyss_or_decor_lesser_grid
D:7:      layout_cave_pods, serial_shops, shop_statue
D:8:      layout_cave_pods
D:9:      layout_long_grid, kennysheep_orc_monster_closet_entryway,
          grunt_decor_junction, kennysheep_donut, eino_tiny_chamber
D:10:     layout_irregular_city, regret_index_temple_of_mockery, serial_shops,
          nicolae_shop_crystal, shop_statue, hangedman_decor_points,
          minmay_increasing_density
D:11:     layout_loops_cross, erik_lair_island
D:12:     layout_irregular_city, enter_bailey_3, small_chamber_with_monster,
          nicolae_ru_awakened_eye
Temple:   nicolae_temple_x_marks_the_god
Lair:1:   layout_long_grid, serial_bayou_shore_b, uniq_harold
Lair:2:   regret_index_harrowing_hell_hive, layout_concentric_octagons,
          shoals_dummy_entry, guppyfry_snake_entry_garden
Lair:3:   layout_cave_pods, cheibrodos_lair_caveside_slide
Lair:4:   layout_cave_pods, serial_bayou_shore_b, serial_bayou_shore_a,
          grunt_megastairs_1, uniq_snorg
Lair:5:   layout_gridlike, slime_altar_2, minmay_lair_oklob_chamber
Lair:6:   due_jungle_book, layout_regular_city, grunt_megastairs_2, uniq_nessos,
          uniq_josephine

Skill      XL: |  1  2  3  4  5  6  7  8  9 10 11 12 13 |
---------------+----------------------------------------+-----
Unarmed Combat | 3 4 5 6 7 9 10 11 12 14 15 | 15.3
Invocations    | 2 6 8 11 14 15 | 15.4
Dodging        | 3 5 6 7 |  7.7
Fighting       | 5 7 |  7.5
Armour         | 4 |  4.0
Hexes          | 2 |  2.6
Stealth        | 3 |  3.1
Spellcasting   | 2 |  2.4

Action                   |  1- 3 |  4- 6 |  7- 9 | 10-12 | 13-15 || total
-------------------------+-------+-------+-------+-------+-------++-------
Melee: Unarmed           |   145 |   130 |   230 |   660 |   255 ||  1420
       Punch             |     5 |     5 |    12 |    49 |    34 ||   105
Throw: Dart              |       |       |       |     6 |       ||     6
Invok: Lesser Servant of |       |       |       |     7 |     6 ||    13
  Use: Scroll            |     4 |     4 |     4 |     8 |       ||    20
       Potion            |     3 |     1 |       |     3 |       ||     7
 Stab: Sleeping          |     3 |     7 |     6 |    19 |     3 ||    38
       Distracted        |       |       |     3 |     3 |     1 ||     7
Armor: Robe              |    30 |    17 |    21 |    83 |    62 ||   213
Dodge: Dodged            |    99 |    83 |   139 |   485 |   224 ||  1030
